 Dungeon Crawl Stone Soup version 0.21.1-1-g345015f (webtiles) character file.

379 lotte the Magician (level 6, -8/32 HPs)
             Began as a Deep Elf Earth Elementalist on July 6, 2018.
             Mangled by a centaur warrior skeleton (9 damage)
             ... on level 5 of the Dungeon.
             The game lasted 00:26:19 (6741 turns).

lotte the Magician (Deep Elf Earth Elementalist)    Turns: 6741, Time: 00:26:20

Health: -8/32      AC:  3    Str:  7    XL:     6   Next: 45%
Magic:  7/16       EV: 14    Int: 22    God:
Gold:   297        SH:  0    Dex: 15    Spells: 4/16 levels left

rFire    . . .     SeeInvis .   p - +2 flail (crush)
rCold    . . .     Gourm    .   (no shield)
rNeg     . . .     Faith    .   c - +0 robe
rPois    .         Spirit   .   (no helmet)
rElec    .         Reflect  .   (no cloak)
rCorr    .         Harm     +   u - +0 pair of gloves
MR       .....                  (no boots)
Stlth    ++........             C - amulet of harm
HPRegen  0.10/turn              G - +2 ring of strength
MPRegen  0.15/turn              (no ring)

@: very slightly contaminated
A: no striking features
a: no special abilities


You were on level 5 of the Dungeon.
You were not hungry.

You visited 2 branches of the dungeon, and saw 6 of its levels.
You also visited: Sewer.

You collected 297 gold pieces.

Inventory:

Hand Weapons
 a - a +0 club
 l - a +0 whip
 n - a +0 dagger
 p - a +2 flail of crushing (weapon)
Missiles
 b - 66 stones (quivered)
Armour
 c - a +0 robe (worn)
 u - a +0 pair of gloves (worn)
 A - a +0 ring mail of poison resistance
Jewellery
 C - an amulet of harm (around neck)
 G - a +2 ring of strength (left hand)
Wands
 t - a wand of iceblast (2)
 F - a wand of disintegration (15)
Scrolls
 g - a scroll of fog
 k - 2 scrolls of immolation {unknown}
 o - a scroll of enchant weapon
 q - a scroll of identify
 B - a scroll of random uselessness {unknown}
 D - 3 scrolls of remove curse {unknown}
 E - a scroll of teleportation {unknown}
Potions
 f - a potion of degeneration {unknown}
 h - 2 potions of flight {unknown}
 i - 2 potions of might {unknown}
 j - a potion of invisibility {unknown}
 m - a potion of curing {unknown}
 r - 3 potions of haste
 s - a potion of resistance {unknown}
 v - 2 potions of mutation {unknown}
 w - 2 potions of magic {unknown}
 x - a potion of cancellation {unknown}
Books
 e - a book of Geomancy

   Spells                             Type                      Level
   a - Sandblast                      Earth                        1
   b - Passwall                       Transmutation/Earth          2
   c - Stone Arrow                    Conjuration/Earth            3
   d - Petrify                        Transmutation/Earth          4
   e - Lee's Rapid Deconstruction     Earth                        5
 y - a book of Air

   Spells                             Type                      Level
   a - Shock                          Conjuration/Air              1
   b - Swiftness                      Charms/Air                   2
   c - Static Discharge               Conjuration/Air              3
   d - Airstrike                      Air                          4
   e - Lightning Bolt                 Conjuration/Air              5
 z - a book of Changes

   Spells                             Type                      Level
   a - Beastly Appendage              Transmutation                1
   b - Sticks to Snakes               Transmutation                2
   c - Spider Form                    Transmutation/Poison         3
   d - Ice Form                       Ice/Transmutation            4
   e - Blade Hands                    Transmutation                5
Comestibles
 d - 7 rations


   Skills:
 + Level 4.0 Dodging
 - Level 2.4 Stealth
 * Level 5.9 Spellcasting
 + Level 2.1 Conjurations
 - Level 1.1 Transmutations
 + Level 0.0 Air Magic
 * Level 5.5 Earth Magic


You had 4 spell levels left.
You knew the following spells:

 Your Spells              Type           Power        Failure   Level  Hunger
a - Sandblast             Erth           ####..       1%          1    None
b - Passwall              Tmut/Erth      ###.......   3%          2    None
c - Stone Arrow           Conj/Erth      ###...       5%          3    #......
d - Petrify               Tmut/Erth      ###.....     22%         4    ###....
e - Swiftness             Chrm/Air       #.......     14%         2    None


Dungeon Overview and Level Annotations

Branches:
Dungeon (5/15)             Temple (1/1) D:4

Altars:
Ashenzari
Cheibriados
Dithmenos
Gozag
Hepliaklqana
Kikubaaqudgha
Makhleb
Nemelex Xobeh
Qazlal
Ru
Uskayaw
Xom
The Shining One


Message History

The centaur warrior skeleton is heavily damaged.
The centaur warrior skeleton hits you. x2
There is an open door here.
The centaur warrior skeleton hits you.
Found 8 gold pieces.
The centaur warrior skeleton completely misses you.
Casting: Stone Arrow
Confirm with . or Enter, or press ? or * to list all spells.
Which direction?
The centaur warrior skeleton hits you.
* * * LOW HITPOINT WARNING * * *
You begin to meditate on the wall.
You continue meditating on the rock.
The centaur warrior skeleton closely misses you.
You continue meditating on the rock.
The centaur warrior skeleton misses you.
You continue meditating on the rock.
The centaur warrior skeleton hits you!
* * * LOW HITPOINT WARNING * * *
The centaur warrior skeleton hits you!
You die...

#... +........# #
#...$# #........# #
#....###........# #
# #....+......!...#
#.#....####'#######
.............#
#..........#
#..........# .....
#..@Z.....## #....
#######'###
#..#.###### #.#
..........# #.#
##.#......###.# ###
..........#...# #..
##........###.# #..
....<.....'...# #..
..........##### #..


You could see a centaur warrior skeleton.

Vanquished Creatures
  A crocodile (Sewer)
  A hound (D:3)
  An orc wizard (D:4)
  Ijyb (D:3)
  A gnoll (D:1)
  7 adders
  2 river rats (D:4)
  An adder zombie (D:5)
  4 worms
  4 dart slugs
  A leopard gecko (D:1)
  15 orcs
  6 bats
  3 giant cockroaches
  12 goblins
  7 hobgoblins
  4 jackals
  9 kobolds
  2 quokkas
  6 frilled lizards
  2 leopard gecko skeletons (D:4)
  14 rats
104 creatures vanquished.

Notes
Turn   | Place    | Note
-------+----------+-------------------------------------------
     0 | D:1      | lotte the Deep Elf Earth Elementalist began the quest for the Orb.
     0 | D:1      | Reached XP level 1. HP: 10/10 MP: 6/6
   397 | D:1      | Reached XP level 2. HP: 15/15 MP: 3/8
   644 | D:1      | Reached XP level 3. HP: 19/19 MP: 7/10
  2217 | D:2      | Reached XP level 4. HP: 15/24 MP: 12/12
  2469 | D:2      | Learned a level 2 spell: Passwall
  2473 | D:2      | Learned a level 3 spell: Stone Arrow
  2478 | D:2      | Learned a level 4 spell: Petrify
  3369 | D:3      | Reached skill level 1 in Conjurations
  3482 | D:3      | Reached XP level 5. HP: 28/28 MP: 10/14
  3485 | D:3      | Noticed Ijyb
  3488 | D:3      | Killed Ijyb
  3488 | D:3      | Reached skill level 5 in Spellcasting
  4233 | D:3      | Reached skill level 5 in Earth Magic
  4333 | D:3      | Found a burning altar of Makhleb.
  4555 | D:4      | Found a staircase to the Ecumenical Temple.
  4996 | D:4      | Found a glowing drain.
  5005 | D:4      | Reached XP level 6. HP: 32/32 MP: 13/16
  5054 | Sewer    | Entered a sewer
  5478 | D:4      | Learned a level 2 spell: Swiftness
  5609 | Temple   | Entered the Ecumenical Temple
  5955 | D:4      | Found a shimmering altar of Xom.
  6341 | D:5      | Entered Level 5 of the Dungeon
  6741 | D:5      | HP: 1/32 [centaur warrior skeleton (8)]
  6741 | D:5      | Mangled by a centaur warrior skeleton

Skill      XL: |  1  2  3  4  5  6 |
---------------+-------------------+-----
Dodging        | 3 4 |  4.0
Spellcasting   | 4 5 |  5.9
Earth Magic    | 4 5 |  5.5
Conjurations   | 1 2 |  2.1
Stealth        | |  2.4
Transmutations | |  1.1

Action                   |  1- 3 |  4- 6 || total
-------------------------+-------+-------++-------
Melee: Unarmed           |     6 |       ||     6
       Whip              |    33 |       ||    33
       Dagger            |    18 |    10 ||    28
       Club              |     6 |       ||     6
 Cast: Sandblast         |    38 |    40 ||    78
       Stone Arrow       |       |    66 ||    66
       Passwall          |       |     2 ||     2
  Use: Scroll            |       |     7 ||     7
 Stab: Sleeping          |     1 |     1 ||     2
  Eat: Chunk             |     3 |    14 ||    17
       Ration            |       |     1 ||     1
Armor: Robe              |     8 |     5 ||    13
Dodge: Dodged            |    40 |    27 ||    67
